Map: Dusk Towers

Players

Miszu

  • Race: Terran Terran
  • League: Grandmaster

llllllllllll - Winner!

  • Race: Terran Terran
  • League: Diamond

VOD

Have the link to the VOD?

Description

Time

  • Played on: Feb. 23, 2016, 1:29 p.m.
  • Length: 3:46
Show
View Real Time Build Order
Export as new Build Order

Miszu Terran 

Build Orders:  

Get SALT Encoding   

  12  0:01  SCV  
  13  0:13  SCV  
  14  0:18  Supply Depot  
  14  0:25  SCV  
  14  0:28  Refinery  
  15  0:39  SCV  
  16  0:51  SCV  
  16  0:52  Barracks  
  17  1:03  SCV  
  18  1:16  SCV  
  19  1:24  Supply Depot  
  19  1:28  SCV  
  20  1:39  Factory  
  20  1:42  Orbital Command  
  20  1:49  Reaper  
  21  2:08  SCV  
  22  2:10  Command Center  
  22  2:20  SCV  
  22  2:21  Reaper  
  24  2:26  Hellion  
  26  2:30  Refinery  
  26  2:32  SCV  
  24  2:50  Hellion  
  24  2:51  SCV  
  27  2:54  Reaper  
  27  2:56  Supply Depot  
  28  2:59  Starport  
  28  3:03  SCV  
  29  3:12  Hellion  
  31  3:18  SCV  
Show
View Real Time Build Order
Export as new Build Order

llllllllllll Terran - Winner!

Build Orders:  

Get SALT Encoding   

  12  0:00  SCV  
  13  0:12  SCV  
  14  0:17  Supply Depot  
  14  0:24  SCV  
  15  0:38  SCV  
  15  0:39  Barracks  
  16  0:43  Refinery  
  16  0:50  SCV  
  17  1:02  SCV  
  18  1:14  SCV  
  20  1:25  Reaper  
  20  1:26  Orbital Command  
  20  1:42  Command Center  
  20  1:52  SCV  
  21  1:54  Supply Depot  
  21  1:57  Barracks Reactor  
  21  2:03  Refinery  
  21  2:05  SCV  
  22  2:17  SCV  
  22  2:21  Factory  
  23  2:29  SCV  
  24  2:35  Marine x2  
  26  2:41  SCV  
  26  2:53  SCV, Orbital Command  
  26  2:56  Marine x2  
  29  3:05  Starport, Factory Tech Lab, SCV  
  30  3:14  Marine x2  
  30  3:17  SCV  
  30  3:19  SCV  
  37  3:28  Supply Depot  
  37  3:30  SCV  
  37  3:31  SCV  
Tags
 
Add a new tag
Caveats
  • Supply blocks, unpowered buildings, or Contaminate may cause inaccurate times.
  • Supply counts are checked every 10 seconds.